 Dungeon Crawl Stone Soup version 0.20-a0-1122-gb7cbeb9 (webtiles) character file.

1364 JiminyMac the Cleaver (level 8, -4/73 HPs)
             Began as a Minotaur Berserker on May 14, 2017.
             Was an Elder of Trog.
             Slain by an orc warrior
             ... wielding a +0 long sword
              (8 damage)
             ... on level 6 of the Dungeon.
             The game lasted 00:15:55 (5441 turns).

JiminyMac the Cleaver (Minotaur Berserker)          Turns: 5441, Time: 00:15:55

Health: -4/73      AC: 10    Str: 23    XL:     8   Next: 38%
Magic:  7/7        EV:  9    Int:  4    God:    Trog [****..]
Gold:   329        SH:  0    Dex: 11    Spells: 7/7 levels left

rFire    . . .     SeeInvis .   m - +0 war axe
rCold    . . .     Gourm    .   (no shield)
rNeg     . . .     Faith    .   b - +0 chain mail
rPois    .         Spirit   .   (helmet restricted)
rElec    .         Reflect  .   (no cloak)
rCorr    .         Harm     .   (no gloves)
MR       .....                  (no boots)
Stlth    ..........             (no amulet)
Regen    0.3/turn               (no ring)
MPRegen  0.1/turn               (no ring)

@: no status effects
A: retaliatory headbutt, horns 2
a: Berserk, Trog's Hand, Brothers in Arms, Burn Spellbooks, Renounce Religion


You were on level 6 of the Dungeon.
You worshipped Trog.
Trog was greatly pleased with you.
You were not hungry.

You visited 1 branch of the dungeon, and saw 6 of its levels.

You collected 329 gold pieces.

Inventory:

Hand Weapons
 m - a +0 war axe (weapon)
Armour
 b - a +0 chain mail (worn)
Jewellery
 a - an uncursed ring of positive energy
 l - an uncursed amulet of magic regeneration
 r - an uncursed ring of protection from fire
Wands
 d - a wand of digging (8/24)
 n - a wand of digging (8/24)
 u - a wand of enslavement (8/24)
Scrolls
 f - a scroll of enchant armour {unknown}
 g - 4 scrolls of identify
 h - a scroll of remove curse {unknown}
 i - 2 scrolls of recharging {unknown}
 p - a scroll of amnesia {unknown}
 q - 3 scrolls of random uselessness {unknown}
 s - a scroll of blinking {unknown}
Potions
 e - 4 potions of curing
 j - a potion of experience {unknown}
 k - 2 potions of resistance
 t - 2 potions of haste {unknown}
 v - a potion of berserk rage {unknown}
Comestibles
 c - 2 bread rations
 w - a royal jelly


   Skills:
 + Level 7.3 Fighting
 * Level 9.4 Axes
 + Level 6.5 Armour
 - Level 2.1 Dodging


You had 7 spell levels left.
You didn't know any spells.

Dungeon Overview and Level Annotations

Branches:
Dungeon (6/15)
 Temple: D:4-7

Altars:
Makhleb
Nemelex Xobeh
Vehumet
Yredelemnul
Zin
The Shining One


Innate Abilities, Weirdness & Mutations

You reflexively headbutt those who attack you in melee.
You have a pair of horns on your head.


Message History

The orc warrior hits you with a long sword!
You are too injured to fight recklessly!
You are too injured to fight recklessly!
You are too injured to fight recklessly!
You hit the orc warrior but do no damage.
The orc warrior is severely wounded.
The orc warrior hits you with a long sword!
* * * LOW HITPOINT WARNING * * *
You hit the orc warrior.
The orc warrior is severely wounded.
The orc warrior hits you with a long sword!!
* * * LOW HITPOINT WARNING * * *
You hit the orc warrior but do no damage.
You headbutt the orc warrior.
The orc warrior is almost dead.
The orc warrior hits you but does no damage.
You hit the orc warrior but do no damage.
The orc warrior is almost dead.
The orc warrior hits you with a long sword!
You die...

###.#####.........
#.........#####
#######.#.#
#########<#.######
.................#
...............#$#
..###.###...##.#.# #
..# .# #...##.#.#.##
.## #.###.(.#...@...#
... ........#..[o...#
.# ##...#..##.......#
.###................#
.##........##.......#
...........##.......#
....................#
.###...<.#######.####
.# #.....###


You could see an orc warrior.

Vanquished Creatures
  Eustachio (D:4)
  Duvessa (D:4)
  2 ogres (D:4)
  Dowan (D:4)
  A howler monkey (D:4)
  2 crimson imps (D:5)
  2 bullfrog zombies (D:5)
  2 orc wizards (D:4)
  An orc priest (D:4)
  2 hounds
  2 bullfrog skeletons (D:5)
  4 iguanas
  Ijyb (D:4)
  3 worker ants
  Robin (D:3)
  12 adders
  4 gnolls (D:4)
  A howler monkey skeleton (D:4)
  4 oozes
  An adder skeleton (D:5)
  2 worms (D:2)
  3 dart slugs (D:2)
  5 leopard geckos
  16 orcs
  6 bats
  4 giant cockroaches
  17 goblins
  9 hobgoblins
  5 jackals
  5 quokkas
  4 frilled lizards
  2 gnoll zombies (D:3)
  A jackal skeleton (D:4)
  7 kobolds
  A quokka skeleton (D:5)
  7 rats
  2 fungi (D:4)
144 creatures vanquished.

Vanquished Creatures (others)
  A fungus (D:4)
1 creature vanquished.

Grand Total: 145 creatures vanquished

Notes
Turn   | Place    | Note
-------+----------+-------------------------------------------
     0 | D:1      | JiminyMac the Minotaur Berserker began the quest for the Orb.
     0 | D:1      | Reached XP level 1. HP: 19/19 MP: 0/0
   172 | D:1      | Reached XP level 2. HP: 26/27 MP: 1/1
   242 | D:1      | Reached skill level 4 in Axes
   719 | D:1      | Reached XP level 3. HP: 27/33 MP: 2/2
   865 | D:2      | Reached ** piety under Trog
  1149 | D:2      | Found a glowing silver altar of Zin.
  1226 | D:2      | Reached XP level 4. HP: 41/41 MP: 3/3
  1462 | D:2      | Reached skill level 5 in Axes
  1483 | D:2      | Found a sparkling altar of Nemelex Xobeh.
  2144 | D:3      | Reached XP level 5. HP: 46/47 MP: 4/4
  2237 | D:3      | Found a basalt altar of Yredelemnul.
  2262 | D:3      | Noticed Robin
  2278 | D:3      | Reached *** piety under Trog
  2300 | D:3      | Killed Robin
  2592 | D:3      | Found a radiant altar of Vehumet.
  2904 | D:4      | Reached skill level 6 in Axes
  3056 | D:4      | Noticed Eustachio
  3058 | D:4      | Reached skill level 5 in Fighting
  3068 | D:4      | Reached XP level 6. HP: 53/56 MP: 5/5
  3082 | D:4      | Killed Eustachio
  3266 | D:4      | Reached skill level 7 in Axes
  3321 | D:4      | Noticed Duvessa
  3323 | D:4      | Noticed Dowan
  3329 | D:4      | Killed Duvessa
  3329 | D:4      | Reached skill level 5 in Armour
  3329 | D:4      | Reached XP level 7. HP: 41/62 MP: 6/6
  3331 | D:4      | Killed Dowan
  3762 | D:4      | Reached skill level 8 in Axes
  3766 | D:4      | Found a burning altar of Makhleb.
  3766 | D:4      | Noticed a balrug
  3915 | D:4      | Reached **** piety under Trog
  4386 | D:4      | Noticed Ijyb
  4424 | D:4      | Killed Ijyb
  4424 | D:4      | Reached XP level 8. HP: 52/71 MP: 7/7
  4695 | D:5      | Entered Level 5 of the Dungeon
  4759 | D:5      | Found a glowing golden altar of the Shining One.
  4824 | D:5      | Reached skill level 9 in Axes
  5439 | D:6      | HP: 3/73 [orc warrior/long sword (18)]
  5441 | D:6      | Slain by an orc warrior

Vault maps used:
D:1:      erik_arrival_gehennom
D:2:      marbit_many_paths, nemelex_xobeh_ov_fountains_minmay, first_bread
D:3:      fiery_altar_vehumet, lemuel_zombie_altar_yredelemnul, uniq_robin
D:4:      makhleb_altar_promises_db, corexii_leaking_fountain,
          minmay_gold_behind_fungi, uniq_ijyb, uniq_eustachio, uniq_duvessa
D:5:      basic_altar
D:6:      old_standard_altar, grunt_temple_overflow_open, elyvilon_altar_4

Skill      XL: |  1  2  3  4  5  6  7  8 |
---------------+-------------------------+-----
Axes           | 4 5 6 7 8 9 |  9.4
Fighting       | 4 5 6 7 |  7.3
Armour         | 3 4 5 6 |  6.5
Dodging        | |  2.1

Action                   |  1- 3 |  4- 6 |  7- 9 || total
-------------------------+-------+-------+-------++-------
Melee: Hand axe          |    63 |    49 |       ||   112
       Headbutt          |    10 |    20 |    34 ||    64
       War axe           |       |   110 |   145 ||   255
       Unarmed           |       |       |    32 ||    32
Invok: Berserk           |     1 |     4 |     1 ||     6
  Use: Scroll            |       |     2 |     3 ||     5
  Eat: Chunk             |     1 |    11 |     3 ||    15
       Bread ration      |       |       |     1 ||     1
Armor: Animal skin       |     8 |       |       ||     8
       Ring mail         |     4 |    16 |       ||    20
       Chain mail        |       |    52 |    62 ||   114
Dodge: Dodged            |    33 |    84 |    73 ||   190
